 Dungeon Crawl Stone Soup version 0.31-a0-1237-gabc64e778c (webtiles) character file.

Game seed: 12633227110341192756

21 BubbleThief the Digger (level 2, -1/15 HPs)
             Began as a Gargoyle Earth Elementalist on Dec 15, 2023.
             Slain by an orc
             ... wielding a +0 trident
              (6 damage)
             ... on level 3 of the Dungeon.
             The game lasted 00:01:20 (387 turns).

BubbleThief the Digger (Gargoyle Earth Elementalist) Turns: 387, Time: 00:01:21

Health: -1/15      AC:  6    Str: 11    XL:     2   Next: 83%
Magic:  0/5        EV: 11    Int: 15    God:
Gold:   11         SH:  0    Dex: 10    Spells: 4/5 levels left

rFire   . . .        h - +0 dagger
rCold   . . .        (no shield)
rNeg    + . .        a - +0 robe
rPois   ∞            (no helmet)
rElec   +            (no cloak)
rCorr   .            (no gloves)
SInv    .            c - +1 pair of boots
Will    .....        (no amulet)
Stlth   ++           (no ring)
HPRegen 0.22/turn    (no ring)
MPRegen 0.09/turn

%: no passive effects
@: no status effects
A: sickness immunity, AC +2, negative energy resistance 1, electricity
resistance, torment resistance 1, petrification resistance
a: no special abilities


You were on level 3 of the Dungeon.
You visited 1 branch of the dungeon, and saw 3 of its levels.

You collected 11 gold pieces.

Inventory:

Hand Weapons
 h - a +0 dagger (weapon)
Armour
 a - a +0 robe (worn)
 c - a +1 pair of boots (worn)
Scrolls
 d - 3 scrolls of identify {unknown}
 f - a scroll of revelation {unknown}
 g - a scroll of fog {unknown}
Potions
 b - a potion of magic
 e - 2 potions of might {unknown}


   Skills:
 - Level 1.5 Dodging
 - Level 2.1 Stealth
 + Level 2.4 Spellcasting
 - Level 0.7 Transmutations
 * Level 4.4 Earth Magic


You had 4 spell levels left.
You knew the following spells:

 Your Spells              Type           Power      Damage    Failure   Level
a - Sandblast             Erth           30%        2d9       3%          1

Your spell library contained the following spells:

 Spells                   Type           Power      Damage    Failure   Level
 Passwall                 Tmut/Erth      7%         N/A       11%         2
 Stone Arrow              Conj/Erth      16%        3d8       26%         3
 Petrify                  Tmut/Erth      9%         N/A       58%         4
 Brom's Barrelling Bould  Conj/Erth      8%         2d3       63%         4


Dungeon Overview and Level Annotations

Branches:
Dungeon (3/15)

Altars:

Portals:
Sewer: D:3


Innate Abilities, Weirdness & Mutations

You are immune to sickness and miasma.
Your stone body is resilient. (AC +2)
You are immune to poison.
You resist negative energy. (rN+)
You are resistant to electric shocks. (rElec)
You are resistant to unholy torment.
You are immune to petrification.


Message History

The orc wizard flickers and vanishes!
Deactivating autopickup; reactivate with Ctrl-A.
Things that are here:
a bat corpse; an adder corpse The orc attacks as it pursues you!
The orc hits you but does no damage.
There is an escape hatch in the ceiling here.
The orc attacks as it pursues you! The orc hits you but does no damage.
The orc attacks as it pursues you! The orc barely misses you.
The orc attacks as it pursues you! The orc misses you.
Found 12 gold pieces.
Found a stone staircase leading up.
You open the door. The orc closely misses you.
Aiming: Sandblast (safe; 3% risk of failure)
Press: ? - help, Q - select action Shift-Dir - straight line, f - giant cockroach, p - orc
Aim: a giant cockroach (82% to hit)
The blast of sand hits the giant cockroach!
You kill the giant cockroach!
The giant cockroach closely misses you.
The orc hits you from afar with a +0 trident.
Unknown command.
Aiming: Sandblast (safe; 3% risk of failure)
Press: ? - help, Q - select action Shift-Dir - straight line, f - giant cockroach
Aim: a giant cockroach (82% to hit)
The blast of sand hits the giant cockroach.
The giant cockroach is heavily wounded.
The giant cockroach barely misses you. x2
The orc hits you with a +0 short sword. The giant cockroach barely misses you.
Something hits you but does no damage. The orc barely misses you.
The orc hits you with a +0 short sword. The giant cockroach barely misses you.
Unknown command.
Aiming: Sandblast (safe; 3% risk of failure)
Press: ? - help, Q - select action Shift-Dir - straight line, f/p - giant cockroach
Aim: a giant cockroach (heavily wounded, 82% to hit)
The blast of sand hits the giant cockroach!
You kill the giant cockroach!
The giant cockroach closely misses you. Something hits you but does no damage.
The orc closely misses you. The orc misses you.
The giant cockroach bites you but does no damage.
Something hits you but does no damage.
The orc hits you from afar with a +0 trident.
You die...

#.......#.<....###
#.#####.#.###†.#
###.#~~~#...###..###.#
...#~~~#....o.........
#.#~∩~#..####.#.##.##
#.#~~~#.## ..#..#
##.#~~~#.# .###.#
##..##†##o# ## ..
#$....B@{.# #..
#......o.....# #..
.....##.###### #<##.
#.# # # ..# .... #..#.
#.# #


You could see 2 orcs and a giant cockroach.

Vanquished Creatures
  An adder (D:3)
  A dart slug (D:2)
  2 bats
  2 giant cockroaches (D:3)
  A goblin (D:2)
  4 ball pythons
  A rat (D:1)
12 creatures vanquished.

Notes
Turn   | Place    | Note
-------+----------+-------------------------------------------
     0 | D:1      | BubbleThief the Gargoyle Earth Elementalist began the quest
                  | for the Orb.
     0 | D:1      | Reached XP level 1. HP: 10/10 MP: 3/3
   188 | D:2      | Reached skill level 4 in Earth Magic
   199 | D:2      | Reached XP level 2. HP: 10/15 MP: 1/5
   349 | D:2      | You fall into a shaft and drop 1 floor!
   353 | D:3      | Found a glowing drain.
   387 | D:3      | Slain by an orc

Illustrated notes

Levels and vault maps discovered:
D:1:      onia_arrival_pentagram, layout_basic, minmay_octomino_e4
D:2:      minmay_alternating_diamond, layout_loops_ring, basic_altar,
          serial_glass, glass_columns_a, glass_columns_a,
          minmay_strange_pillars, item_on_display_a,
          nicolae_kite_square_tiling_tiny, corexii_item_surrounded_by_moat
D:3:      layout_rooms, gup_sewer_entry_glass,
          hellmonk_ecumenical_altar_watching_god, serial_shops, shop

Skill      XL: |  1 |
---------------+----+-----
Earth Magic    | 4 |  4.4
Dodging        | |  1.5
Stealth        | |  2.1
Spellcasting   | |  2.4
Transmutations | |  0.7

Action                     || total
---------------------------++-------
  Melee: Unarmed           ||     7
   Cast: Sandblast         ||    17
 Armour: Robe              ||    18
  Dodge: Dodged            ||    20

Table legend: (Time is in decaauts)
 A = Elapsed time spent in this place.
 B = Non-inter-level travel time spent in this place.
 C = Inter-level travel time spent in this place.
 D = Time resting spent in this place.
 E = Time spent auto-exploring this place.
 F = Levels seen in this place.
 G = Mean time per level.
                   A        B        C        D        E       F      G
               +--------+--------+--------+--------+--------+-----+--------+
         Total |    394 |    394 |      0 |      0 |    277 |   3 |  131.3 |
       Dungeon |    394 |    394 |      0 |      0 |    277 |   3 |  131.3 |
               +--------+--------+--------+--------+--------+-----+--------+

Top non-repeatable levels by time:
     D:2: 185 daAuts
     D:1: 168 daAuts
     D:3: 41 daAuts
